 Dungeon Sprint DCSS version 0.27-a0-109-g416527ed24 (webtiles) character file.

Game seed: 8485277164567076973

2802 mhtbhm the Martial Artist (level 9, -4/58 HPs)
             Began as an Octopode Transmuter on Jan 24, 2021.
             Was a Priest of Sif Muna.
             Slain by a centaur (7 damage)
             ... in the Dungeon (Sprint III: "The Ten Rune Challenge").
             The game lasted 00:03:45 (1903 turns).

mhtbhm the Martial Artist (Octopode Transmuter)     Turns: 1903, Time: 00:03:46

Health: -4/58      AC:  1    Str: 11    XL:     9   Next: 71%
Magic:  17/22      EV: 17    Int: 16    God:    Sif Muna [***...]
Gold:   21         SH:  0    Dex: 13    Spells: 12/27 levels left

rFire    . . .     SeeInvis .     - Unarmed
rCold    . . .     Faith    .   (shield currently unavailable)
rNeg     . . .     Spirit   .   (helmet restricted)
rPois    .         Reflect  .   (no amulet)
rElec    .         Harm     .   (no ring)
rCorr    .         Rampage  .   (no ring)
Will     .....     NoTele   +   (no ring)
Stlth    +++++.....             (no ring)
HPRegen  0.19/turn              (no ring)
MPRegen  0.18/turn              (no ring)
                                (no ring)
                                (no ring)

@: blade tentacles, wereblooded
A: almost no armour, stealthy swim, amphibious, 8 rings, constrict 8, camouflage
1, gelatinous body 1
a: End Transformation, Renounce Religion, Channel Magic, Forget Spell


You were in the Dungeon.
You worshipped Sif Muna.
Sif Muna was most pleased with you.
You had blades for tentacles.
You visited 1 branch You collected 21 gold pieces.

Inventory:

Wands
 c - a wand of random effects (16)
 h - a wand of flame (11)
Scrolls
 a - a scroll of identify {unknown}
 g - 2 scrolls of blinking
 j - a scroll of immolation {unknown}
 k - 2 scrolls of remove curse {unknown}
 m - a scroll of torment {unknown}
 n - a scroll of magic mapping {unknown}
Potions
 d - 2 potions of haste
 e - 2 potions of magic
 i - 2 potions of mutation {unknown}
 l - 3 potions of flight
 o - a potion of invisibility {unknown}
Miscellaneous
 p - a phial of floods


   Skills:
 + Level 3.9 Fighting
 + Level 7.3 Dodging
 - Level 9.2 Stealth
 + Level 12.4 Unarmed Combat
 + Level 9.7 Spellcasting
 + Level 10.5 Transmutations
 + Level 2.8 Ice Magic
 + Level 3.2 Poison Magic


You had 12 spell levels left.
You knew the following spells:

 Your Spells              Type           Power        Failure   Level
a - Beastly Appendage     Tmut           82%          8%          1
b - Wereblood             Tmut           41%          9%          2
c - Spider Form           Tmut/Pois      14%          19%         3
d - Ice Form              Ice/Tmut       29%          36%         4
e - Blade Hands           Tmut           20%          26%         5

Your spell library contained the following spells:

 Spells                   Type           Power        Failure   Level
 Petrify                  Tmut/Erth      24%          47%         4
 Confusing Touch          Hex            7%           71%         3
 Gell's Gravitas          Tloc           3%           71%         3
 Yara's Violent Unravell  Hex/Tmut       12%          73%         5
 Metabolic Englaciation   Hex/Ice        6%           98%         5
 Freezing Cloud           Conj/Ice/Air   5%           100%        6
 Ozocubu's Refrigeration  Ice            8%           100%        6
 Simulacrum               Ice/Necr       6%           100%        6


Dungeon Overview and Level Annotations

Branches:
Dungeon (1/1)

Altars:
Cheibriados
Dithmenos
Elyvilon
Fedhas
Gozag
Hepliaklqana
Kikubaaqudgha
Makhleb
Nemelex Xobeh
Okawaru
Qazlal
Ru
Sif Muna
Trog
Uskayaw
Vehumet
Wu Jian
Xom
Yredelemnul
Zin
The Shining One
Beogh
Jiyva
Lugonu


Innate Abilities, Weirdness & Mutations

You cannot wear most types of armour.
You are very stealthy in the water. (Stealth+)
You are amphibious.
You can wear up to eight rings at the same time.
You can use your tentacles to constrict eight enemies at once.
Your skin changes colour to match your surroundings (Stealth+).
Your rubbery body absorbs attacks. (AC +1, EV +1)


Message History

The centaur completely misses you.
Your Dodging skill increases to level 7!
Your Unarmed Combat skill increases to level 12!
Your Transmutations skill increases to level 10!
You feel better. The centaur hits you.
* * * LOW HITPOINT WARNING * * *
The centaur hits you.
* * * LOW HITPOINT WARNING * * *
The centaur barely misses you.
You slash the centaur!
The centaur is moderately wounded.
The centaur hits you!
* * * LOW HITPOINT WARNING * * *
The centaur closely misses you.
Unknown command.
Okay, then.
You slash the centaur!
The centaur is almost dead.
The centaur hits you!
You die...

_)#._# ###)## .....#
.....# ####'#
_#...#+#############
_#...#..§§≈'.#.((..+
_#...#.#≈§≈#.#.#.).#
_#...'.#§§§#.#.#@c.#
_'...#.#§.§#...#c..#
▓▓▓▓▓▓▓▓▓▓▓▓▓▓▓▓▓▓▓#


You could see 2 centaurs.

Vanquished Creatures
  Snorg (D)
  A centaur warrior (D)
  A deep elf mage (D)
  A shadow (D)
  A spatial vortex (D)
  A necrophage (D)
  An earth elemental (D)
  A water elemental (D)
  A scorpion (D)
  A jelly (D)
  Jessica (D)
  A wizard (D)
  A necromancer (D)
  3 humans (D)
  A kobold demonologist (D)
  An ooze (D)
  2 rats (D)
20 creatures vanquished.

Vanquished Creatures (others)
  4 plants (D)
4 creatures vanquished.

Grand Total: 24 creatures vanquished

Notes
Turn   | Place    | Note
-------+----------+-------------------------------------------
     0 | D        | mhtbhm the Octopode Transmuter began the quest for the Orb.
     0 | D        | Reached XP level 1. HP: 13/13 MP: 3/3
   179 | D        | Noticed Jessica
   186 | D        | Killed Jessica
   187 | D        | Reached skill level 5 in Unarmed Combat
   187 | D        | Reached XP level 2. HP: 4/18 MP: 3/6
   187 | D        | Reached XP level 3. HP: 6/23 MP: 3/7
   433 | D        | Learned a level 2 spell: Wereblood
   437 | D        | Learned a level 3 spell: Spider Form
   468 | D        | Reached skill level 1 in Stealth
   468 | D        | Reached skill level 6 in Unarmed Combat
   679 | D        | Noticed a scorpion
   684 | D        | Killed a scorpion
   685 | D        | Reached skill level 7 in Unarmed Combat
   685 | D        | Reached XP level 4. HP: 28/28 MP: 2/9
   761 | D        | Learned a level 4 spell: Ice Form
   763 | D        | Noticed a water elemental
   772 | D        | Killed a water elemental
   773 | D        | Reached skill level 1 in Poison Magic
   773 | D        | Reached XP level 5. HP: 26/33 MP: 2/11
   876 | D        | Found a radiant altar of Vehumet.
   876 | D        | Found a shimmering blue altar of Sif Muna.
   876 | D        | Found an ancient bone altar of Kikubaaqudgha.
   880 | D        | Reached skill level 8 in Unarmed Combat
   889 | D        | Became a worshipper of Sif Muna the Loreminder
   901 | D        | Found a hide-covered altar of Uskayaw.
   901 | D        | Found a roughly hewn altar of Beogh.
   901 | D        | Found an iron altar of Okawaru.
   901 | D        | Found a bloodstained altar of Trog.
   901 | D        | Found an ornate altar of the Wu Jian Council.
   901 | D        | Noticed a human
   901 | D        | Noticed a human
   905 | D        | Killed a human
   906 | D        | Reached skill level 5 in Stealth
   906 | D        | Reached skill level 5 in Spellcasting
   906 | D        | Reached skill level 5 in Transmutations
   906 | D        | Reached skill level 1 in Ice Magic
   906 | D        | Reached XP level 6. HP: 36/38 MP: 9/14
   912 | D        | Killed a human
   913 | D        | Reached skill level 5 in Dodging
   913 | D        | Reached skill level 9 in Unarmed Combat
   913 | D        | Reached XP level 7. HP: 17/44 MP: 9/16
  1127 | D        | Learned a level 5 spell: Blade Hands
  1136 | D        | Found a basalt altar of Yredelemnul.
  1136 | D        | Found a shadowy altar of Dithmenos.
  1136 | D        | Found a sacrificial altar of Ru.
  1138 | D        | Reached * piety under Sif Muna
  1263 | D        | Found a glowing silver altar of Zin.
  1263 | D        | Found a glowing golden altar of the Shining One.
  1263 | D        | Found a white marble altar of Elyvilon.
  1263 | D        | Noticed a deep elf mage
  1269 | D        | Killed a deep elf mage
  1270 | D        | Reached skill level 10 in Unarmed Combat
  1270 | D        | Reached XP level 8. HP: 51/51 MP: 10/19
  1328 | D        | Noticed a shadow
  1331 | D        | Killed a shadow
  1331 | D        | Reached ** piety under Sif Muna
  1339 | D        | Found a blossoming altar of Fedhas.
  1339 | D        | Found a stormy altar of Qazlal.
  1339 | D        | Found a snail-covered altar of Cheibriados.
  1339 | D        | Found a burning altar of Makhleb.
  1339 | D        | Found a shimmering altar of Xom.
  1341 | D        | Found a hazy altar of Hepliaklqana.
  1341 | D        | Found an opulent altar of Gozag.
  1341 | D        | Found a sparkling altar of Nemelex Xobeh.
  1341 | D        | Found a corrupted altar of Lugonu.
  1341 | D        | Found a viscous altar of Jiyva.
  1426 | D        | Noticed Snorg
  1431 | D        | HP: 1/76 [Snorg (10)]
  1432 | D        | Killed Snorg
  1433 | D        | Reached skill level 11 in Unarmed Combat
  1433 | D        | Reached XP level 9. HP: 1/57 MP: 16/22
  1728 | D        | Reached *** piety under Sif Muna
  1893 | D        | Noticed a centaur warrior
  1900 | D        | Killed a centaur warrior
  1901 | D        | Reached skill level 12 in Unarmed Combat
  1901 | D        | Reached skill level 10 in Transmutations
  1903 | D        | Slain by a centaur

Illustrated notes

Levels and vault maps discovered:
D:        dungeon_sprint_mu [sprint_mu_entry_forest, sprint_mu_temple_rooms,
          sprint_mu_d1_horrors, sprint_mu_d2_genie, sprint_mu_d3_branching,
          sprint_mu_orc_legion, sprint_mu_elf_gauntlet, sprint_mu_hive_nellie,
          sprint_mu_lair_fedhas, sprint_mu_vaults_butterflies,
          sprint_mu_slime_circle, sprint_mu_swamp_cave, sprint_mu_shoals_archi,
          sprint_mu_blade_basic, sprint_mu_crypt_chambers,
          sprint_mu_tomb_spiral, sprint_mu_vestibule_basic,
          sprint_mu_gehenna_hellfire, sprint_mu_dis_giant,
          sprint_mu_tartarus_statrot, sprint_mu_cocytus_islands, sprint_mu_zot1]

Skill      XL: |  1  2  3  4  5  6  7  8  9 |
---------------+----------------------------+-----
Unarmed Combat | 5 7 8 9 10 11 12 | 12.4
Spellcasting   | 3 4 5 6 7 9 |  9.7
Dodging        | 3 4 5 6 7 |  7.3
Stealth        | 2 3 5 6 7 9 |  9.2
Transmutations | 3 4 5 6 8 9 10 | 10.5
Poison Magic   | 1 2 3 |  3.2
Ice Magic      | 1 2 |  2.8
Fighting       | 2 3 |  3.9

Action                   |  1- 3 |  4- 6 |  7- 9 || total
-------------------------+-------+-------+-------++-------
Melee: Unarmed           |    16 |    15 |    33 ||    64
       Constrict         |     4 |       |     3 ||     7
       Kick              |     3 |       |       ||     3
       Tentacles         |     2 |       |     4 ||     6
       Punch             |       |       |     4 ||     4
 Cast: Beastly Appendage |     2 |       |       ||     2
       Spider Form       |     2 |       |       ||     2
       Wereblood         |     1 |     2 |     3 ||     6
       Ice Form          |       |     2 |       ||     2
       Blade Hands       |       |       |     7 ||     7
  Use: Potion            |       |     1 |     2 ||     3
 Stab: Sleeping          |     2 |     1 |     2 ||     5
Armor: Skin              |       |     3 |     1 ||     4
Dodge: Dodged            |     7 |     2 |    23 ||    32

Table legend: (Time is in decaauts)
 A = Elapsed time spent in this place.
 B = Non-inter-level travel time spent in this place.
 C = Inter-level travel time spent in this place.
 D = Time resting spent in this place.
 E = Time spent auto-exploring this place.
 F = Levels seen in this place.
 G = Mean time per level.
                   A        B        C        D        E       F      G
               +--------+--------+--------+--------+--------+-----+--------+
         Total |   1903 |   1903 |      0 |   1579 |      1 |   1 | 1903.0 |
       Dungeon |   1903 |   1903 |      0 |   1579 |      1 |   1 | 1903.0 |
               +--------+--------+--------+--------+--------+-----+--------+

Top non-repeatable levels by time:
       D: 1903 daAuts
